AoeStats
← ThunderboltX

Arabia

510215217Analyzed
1v1 RM · 2d ago on Sep 30, 2026· 39m 40s· 2 players
Game mode
Random Map
Map size
Tiny (2 player)
Population
200
Speed
Normal
Resources
Standard
Victory
Conquest
Starting age
Dark Age
Ending age
Imperial Age
RankedLock teamsTeams togetherTeam positionsShared explorationLock speedFull tech treeHidden civsTurbo modeCheats
Victory
Defeat
🇧🇬 Maya · Bulgaria
2404
+13
🇩🇴 Khmer · Dominican Republic
2341
-13
RD | Kiko
5:33 Loom
8:24 Feudal Age
9:09 Double-Bit Axe
9:50 Horse Collar
20:53 Castle Age
19:04 Gold Mining
19:34 Fletching
20:08 Padded Archer Armor
20:25 Bloodlines
20:57 Elite Skirmisher
23:06 Bodkin Arrow
24:06 Scale Barding Armor
24:57 Leather Archer Armor
25:44 Chain Barding Armor
26:23 Forging
27:46 Husbandry
32:38 Light Cavalry
33:54 Wheelbarrow
37:16 Devotion
41:42 Imperial Age
ThunderboltX
0:25 Loom
9:15 Feudal Age
9:18 Man-at-Arms
12:23 Double-Bit Axe
19:48 Castle Age
17:42 Horse Collar
18:17 Fletching
18:47 Gold Mining
19:18 Scale Mail Armor
20:33 Bodkin Arrow
20:23 Crossbowman
22:48 Eagle Warrior
24:08 Wheelbarrow
23:44 Squires
24:33 Forging
25:25 Chain Mail Armor
28:38 Iron Casting
30:56 Bow Saw
34:18 Stone Mining
35:15 Sanctity
38:19 Imperial Age
35:11 Pikeman
38:57 Heavy Plow
38:24 Halberdier
39:10 Town Watch
40:34 Plate Mail Armor
Connection lost

Rejoining the realm…

Still unreachable

The connection could not be restored.

Session expired

The server has moved on; the page needs a fresh start.